 Dungeon Crawl Stone Soup version 0.19.0 (webtiles) character file.

283043 Jraekied the Brawler (level 20, -6/170 HPs)
             Began as a Ghoul Monk on Nov 7, 2016.
             Was the Champion of Cheibriados.
             Mangled by a battleaxe of chopping (7 damage)
             ... on level 3 of the Elven Halls on Nov 11, 2016.
             The game lasted 04:43:08 (34507 turns).

Jraekied the Brawler (Ghoul Monk)                  Turns: 34507, Time: 04:43:08

Health: -6/170     AC: 18    Str: 31    XL:     20   Next: 55%
Magic:  7/32       EV: 30    Int: 27    God:    Cheibriados [******]
Gold:   2320       SH:  0    Dex: 32    Spells: 5 memorised, 18 levels left

rFire  + . .     SeeInvis +       - Unarmed
rCold  + . .     Gourm    .     K - +5 ring mail "Retew" {+Blink rF+}
rNeg   + + +     Faith    .     (no shield)
rPois  ∞         Spirit   .     R - +2 hat {MR+}
rElec  +         Reflect  .     p - +1 cloak
rCorr  +         Harm     +     (no gloves)
MR     +++..                    O - +2 pair of boots of the Lair of Beasts {rPois MR+ rCorr Str-2 Int+3 Dex+4}
Stlth  +++.......               g - amulet "Wavuttog" {Harm *Contam *Drain rElec rPois Stlth+}
                                F - +5 ring of evasion
                                y - ring of see invisible

@: rotting, very slow
A: rotting body, claws 1, carnivore 3, cold resistance 1, negative energy
resistance 3, slow regeneration 1, torment resistance, unbreathing
a: Bend Time, Temporal Distortion, Slouch, Step From Time, Renounce Religion,
Evoke Blink
}: 2/15 runes: decaying, serpentine


You were on level 3 of the Elven Halls.
You worshipped Cheibriados.
Cheibriados was exalted by your worship.
You were not hungry.

You visited 8 branches of the dungeon, and saw 36 of its levels.
You also visited: Ossuary and Volcano.

You collected 4140 gold pieces.
You spent 1820 gold pieces at shops.

Inventory:

Hand Weapons
 b - a +7 longbow of freezing
Missiles
 a - 15 tomahawks (quivered)
 f - 235 stones
 r - 966 arrows
 D - 26 javelins
 V - 3 throwing nets
Armour
 p - a +1 cloak (worn)
 K - the +5 ring mail "Retew" (worn) {+Blink rF+}
   (You found it on level 8 of the Dungeon)

   It protects you from fire.
   It lets you blink.
 O - the +2 pair of boots of the Lair of Beasts (worn) {rPois MR+ rCorr Str-2 Int+3 Dex+4}
   (You found it on level 4 of the Lair of Beasts)

   It affects your strength (-2).
   It affects your intelligence (+3).
   It affects your dexterity (+4).
   It protects you from poison.
   It affects your resistance to hostile enchantments.
   It protects you from acid and corrosion.
 R - a +2 hat of magic resistance (worn)
Jewellery
 g - the amulet "Wavuttog" (around neck) {Harm *Contam *Drain rElec rPois Stlth+}
   (You acquired it on level 3 of the Lair of Beasts)

   [amulet of harm]

   It increases damage dealt and taken.
   It insulates you from electricity.
   It protects you from poison.
   It causes magical contamination when unequipped.
   It causes draining when unequipped.
   It makes you more stealthy.
 s - an uncursed amulet of the gourmand {unknown}
 y - a ring of see invisible (left claw)
 E - an uncursed ring of magical power {unknown}
 F - a +5 ring of evasion (right claw)
 G - an uncursed amulet of faith {unknown}
 I - an uncursed ring of resist corrosion
 N - an uncursed ring of fire {unknown}
Wands
 h - a wand of lightning (8/15)
 n - a wand of iceblast (5/15)
 H - a wand of digging (6/24)
 Q - a wand of enslavement (13/24)
 U - a wand of teleportation (5/9)
Scrolls
 j - 2 scrolls of enchant armour
 l - a scroll of amnesia
 m - 21 scrolls of remove curse
 t - a scroll of fear
 w - 5 scrolls of recharging
 A - a scroll of torment
 L - 3 scrolls of magic mapping
 M - 2 scrolls of identify
 Z - a scroll of blinking
Potions
 d - 3 potions of curing
 e - 3 potions of brilliance
 i - 2 potions of heal wounds
 k - 3 potions of invisibility
 q - 2 potions of beneficial mutation {unknown}
 v - a potion of mutation {unknown}
 x - 2 potions of flight
 z - 2 potions of magic
 B - 3 potions of agility
 P - a potion of resistance
 S - 6 potions of cancellation
 Y - a potion of ambrosia {unknown}
Miscellaneous
 o - a fan of gales
 u - a box of beasts
 C - a lamp of fire
 X - 2 sacks of spiders
Comestibles
 c - 6 beef jerkies
 T - 18 meat rations


   Skills:
 - Level 12.6 Fighting
 - Level 8.0 Bows
 - Level 2.7 Throwing
 - Level 4.9 Armour
 + Level 11.5 Dodging
 - Level 2.1 Stealth
 + Level 18.4 Unarmed Combat
 - Level 9.1 Spellcasting
 - Level 8.0 Charms
 - Level 16.0 Summonings
 - Level 6.0 Necromancy
 - Level 6.6 Ice Magic
 - Level 8.8 Invocations
 - Level 6.1 Evocations


You had 18 spell levels left.
You knew the following spells:

 Your Spells              Type           Power        Failure   Level  Hunger
a - Call Canine Familiar  Summ           #######.     1%          3    None
b - Summon Ice Beast      Ice/Summ       ######..     1%          4    #......
c - Summon Hydra          Summ           #######...   10%         7    #######
d - Regeneration          Chrm/Necr      ######....   1%          3    None
e - Shroud of Golubria    Chrm/Tloc      ####......   1%          2    None


Dungeon Overview and Level Annotations

Branches:
Dungeon (15/15)            Temple (1/1) D:4            Lair (6/6) D:9
  Swamp (4/4) Lair:3        Snake (4/4) Lair:4        Slime (0/5) Lair:5
    Orc (2/2) D:10            Elf (3/3) Orc:2        Vaults (1/5) D:14
 Depths (0/5) D:15

Altars:
Ashenzari
Cheibriados
Dithmenos
Elyvilon
Fedhas
Hepliaklqana
Makhleb
Nemelex Xobeh
Qazlal
Ru
Sif Muna
Uskayaw
Vehumet
Yredelemnul
Zin
The Shining One

Shops:
Orc:2 }:(:   Elf:2 *   Snake:1 *![:=

Annotations:
D:15 exclusion: Roxanne, Roxanne
Elf:1 Azrael


Innate Abilities, Weirdness & Mutations

Your body is rotting away.
You thrive on raw meat.
You are immune to poison.
You have sharp fingernails.
You are carnivorous and can eat meat at any time.
Your flesh is cold resistant. (rC+)
You are immune to negative energy. (rN+++)
You regenerate slowly when monsters are visible.
You are immune to unholy pain and torment.
You can survive without breathing.


Message History

You step out of the flow of time.
You return to the normal time flow.
You feel somewhat more hungry.
Unknown command.
A battleaxe of chopping comes into view.
Okay, then.
You feel better.
Casting: Summon Hydra
Confirm with . or Enter, or press ? or * to list all spells.
Casting: Call Canine Familiar
Confirm with . or Enter, or press ? or * to list all spells.
You don't have enough magic to cast that spell.
Your warg bites the battleaxe of chopping.
The battleaxe of chopping hits your warg!!
Your warg dies!
Your warg's corpse disappears in a puff of smoke!
You miss the battleaxe of chopping.
You scratch the battleaxe of chopping but do no damage.
The battleaxe of chopping hits you!!
* * * LOW HITPOINT WARNING * * *
You die...

#..###....##,,,** **,,,*
#...*##....#,,,,****,,,,*
#....*#....#,,,,,,,,,,,,#
##...*##...##,,,,,,,,,,..
#....*#....#,,,,,,,,,..e
#...!###...#,,,,,,*##...
*#....###..#,,,####...#.
#.....#.))#####.....##.
*#....@(E.........###..
###............##..)..
####.............###
###############


You could see an earth elemental and a battleaxe of chopping.

Vanquished Creatures
  Bai Suzhen (Elf:3)
  Jorgrun (Snake:2)
  A deep elf blademaster (Elf:2)
  Gastronok (Lair:3)
  4 thorn hunters
  Agnes (Elf:1)
  11 nagarajas
  A deep elf elementalist (Elf:3)
  4 deep elf sorcerers
  Aizul (Swamp:2)
  A stone giant (Orc:1)
  3 deep elf demonologists (Elf:3)
  4 deep elf annihilators
  2 ettins
  The ghost of PrincessPwny the Grappler, a journeyman TrBe of Trog (D:12)
  3 deep elf death magi (Elf:3)
  Josephine (D:14)
  2 deep elf high priests (Elf:3)
  A rakshasa (D:14)
  An ogre mage (D:15)
  4 vault guards (D:14)
  A centaur warrior (D:15)
  A ghost crab (Swamp:2)
  3 catoblepae
  20 hydras
  12 naga warriors
  2 ice dragons (D:15)
  8 anacondas
  A tengu warrior (D:14)
  25 dancing weapons
  A deep troll shaman (Lair:6)
  15 alligators
  10 death yaks
  2 orc high priests (Orc:2)
  4 shock serpents
  A spriggan berserker (Swamp:4)
  13 naga sharpshooters
  17 deep elf knights
  6 naga ritualists
  3 wizards
  An ironbrand convoker (D:14)
  2 spriggan druids
  10 swamp dragons
  11 deep elf archers
  4 unseen horrors
  A lindwurm (Lair:6)
  3 shambling mangroves
  57 deep elf magi
  5 hill giants
  4 orc knights (Orc:2)
  An orb spider (shapeshifter) (D:14)
  16 ugly things
  3 manticores (D:14)
  5 orc sorcerers
  4 cyclopes (D:14)
  13 mana vipers
  4 slime creatures
  11 elephants
  8 salamanders
  2 guardian serpents
  The ghost of PrincessPwny the Grappler, a novice TrBe of Trog (D:7)
  30 black mambas
  15 naga magi
  3 gargoyles
  21 spiny frogs
  2 rime drakes
  A yaktaur (D:14)
  A freezing wraith (D:14)
  12 komodo dragons
  2 efreet
  A tengu conjurer (D:14)
  2 trolls (Orc:2)
  3 polar bears
  5 tyrant leeches
  7 hornets
  2 two-headed ogres
  A polar bear (shapeshifter) (D:14)
  Prince Ribbit (Lair:1)
  32 blink frogs
  5 bog bodies
  9 hippogriffs
  2 shadows
  3 air elementals
  3 vampires
  2 water elementals (Elf:2)
  A centaur simulacrum (D:14)
  43 yaks
  2 fire bats (Volcano)
  3 fire elementals
  6 spriggans
  3 wyverns
  A wyvern (shapeshifter) (Elf:2)
  A human (D:8)
  3 basilisks
  6 wraiths
  2 steam dragons
  A hungry ghost (D:15)
  24 vampire mosquitoes
  11 swamp worms
  16 insubstantial wisps
  A soldier ant (D:14)
  39 nagas
  7 porcupines
  5 hell hounds
  15 water moccasins
  6 swamp drakes
  2 black bears
  2 sky beasts
  2 ice beasts
  28 orc warriors
  An eye of draining (shapeshifter) (D:14)
  6 phantoms
  6 boggarts
  3 eyes of draining
  16 ogres
  2 necrophages
  21 wolves
  5 centaurs
  12 crocodiles
  19 bullfrogs
  5 big kobolds
  2 elf zombies (Ossuary)
  A gnoll sergeant (D:7)
  An earth elemental (Elf:2)
  A wyvern zombie (D:11)
  2 wyvern skeletons
  3 scorpions
  6 killer bees (D:11)
  A water moccasin skeleton (D:5)
  10 electric eels
  3 wights (D:12)
  5 howler monkeys
  3 centaur zombies
  7 crimson imps
  2 human zombies (Ossuary)
  2 quasits
  10 hounds
  A gnoll shaman (D:4)
  14 jellies
  4 bullfrog skeletons
  3 centaur skeletons
  18 orc priests
  Crazy Yiuf (D:3)
  30 orc wizards
  Natasha (D:2)
  Terence (D:3)
  7 worker ants
  5 iguanas
  2 big kobold zombies (Ossuary)
  A hound zombie (D:9)
  3 mummies
  9 adders
  18 gnolls
  3 shadow imps
  4 oozes
  An adder zombie (Ossuary)
  A worm (D:2)
  A ball lightning (Snake:2)
  A dart slug (D:4)
  6 leopard geckos
  85 orcs
  2 ball pythons (D:1)
  7 bats
  6 giant cockroaches
  10 goblins
  A hobgoblin (D:2)
  7 jackals
  3 quokkas
  8 frilled lizards
  2 goblin zombies (Ossuary)
  4 hobgoblin zombies
  27 kobolds
  10 kobold zombies (Ossuary)
  A leopard gecko skeleton (D:5)
  14 orc zombies
  A quokka skeleton (D:8)
  A quokka zombie (D:8)
  3 rats
  2 rat zombies (Ossuary)
  A briar patch (Swamp:4)
1240 creatures vanquished.

Vanquished Creatures (collateral kills)
  Donald (Elf:1)
  The ghost of Ultraviolent4 the Severer, an adept FoFi of Okawaru (Swamp:4)
  2 deep elf demonologists (Elf:3)
  A deep elf annihilator (Elf:1)
  An ice dragon (Vaults:1)
  6 hydras
  A rakshasa (D:15)
  4 naga warriors
  2 alligators
  3 anacondas
  4 naga sharpshooters
  An orc high priest (Orc:2)
  3 shock serpents
  2 spriggan druids
  3 naga ritualists
  4 swamp dragons
  A deep elf archer (Elf:3)
  3 mana vipers (Snake:2)
  2 orc knights (Orc:2)
  7 deep elf magi (Elf:1)
  3 salamanders
  6 ugly things (D:15)
  4 black mambas
  A vault sentinel (Vaults:1)
  A spiny frog (Swamp:3)
  14 naga magi
  A tyrant leech (Swamp:4)
  5 hornets
  18 slime creatures
  5 bog bodies
  3 spriggans
  A fire elemental (Elf:1)
  7 vampire mosquitoes
  21 nagas
  2 insubstantial wisps (Swamp:3)
  7 swamp worms
  A swamp drake (Swamp:2)
  A worker ant (D:14)
  A shadow imp (D:15)
154 creatures vanquished.

Vanquished Creatures (others)
  A swamp dragon (Swamp:4)
  A naga mage (Snake:1)
  A water elemental (D:12)
  2 centaurs (Volcano)
  An adder (D:12)
  A briar patch (Swamp:1)
  10 fungi
  5 plants
22 creatures vanquished.

Grand Total: 1416 creatures vanquished

Notes
Turn   | Place    | Note
-------+----------+-------------------------------------------
     0 | D:1      | Jraekied the Ghoul Monk began the quest for the Orb.
     0 | D:1      | Reached XP level 1. HP: 19/19 MP: 0/0
   166 | D:1      | Reached XP level 2. HP: 18/26 MP: 1/1
   289 | D:1      | Reached skill level 4 in Unarmed Combat
   310 | D:1      | Reached skill level 1 in Throwing
   467 | D:1      | Reached XP level 3. HP: 31/31 MP: 2/2
  1138 | D:2      | Reached XP level 4. HP: 38/38 MP: 3/3
  1207 | D:2      | Noticed Natasha
  1232 | D:2      | Killed Natasha
  1232 | D:2      | Reached skill level 5 in Unarmed Combat
  1879 | D:3      | Noticed Terence
  1889 | D:3      | Killed Terence
  1889 | D:3      | Reached XP level 5. HP: 40/44 MP: 4/4
  2163 | D:3      | Found a runed door.
  2172 | D:3      | Noticed Crazy Yiuf
  2240 | D:3      | Killed Crazy Yiuf
  2302 | D:4      | Noticed an ogre
  2331 | D:4      | Found a staircase to the Ecumenical Temple.
  2341 | Temple   | Entered the Ecumenical Temple
  2402 | Temple   | Became a worshipper of Cheibriados the Contemplative
  2402 | Temple   | Reached * piety under Cheibriados
  2402 | Temple   | Reached ** piety under Cheibriados
  2413 | D:4      | Noticed an ogre
  2423 | D:4      | Reached skill level 6 in Unarmed Combat
  2426 | D:4      | Reached XP level 6. HP: 33/51 MP: 5/5
  2457 | D:4      | Reached skill level 7 in Unarmed Combat
  2467 | D:4      | Found a sand-covered staircase.
  2472 | D:4      | Reached XP level 7. HP: 41/59 MP: 6/6
  2475 | Ossuary  | Entered an ossuary
  2687 | Ossuary  | Reached *** piety under Cheibriados
  2777 | Ossuary  | Reached skill level 8 in Unarmed Combat
  2937 | D:4      | Found a hide-covered altar of Uskayaw.
  2938 | D:4      | Noticed a hand axe
  2938 | D:4      | Noticed a dagger
  3130 | D:4      | Reached skill level 5 in Fighting
  3138 | D:4      | Reached XP level 8. HP: 34/67 MP: 7/7
  3285 | D:4      | Reached skill level 1 in Invocations
  3547 | D:5      | Entered Level 5 of the Dungeon
  3577 | D:5      | Reached **** piety under Cheibriados
  3666 | D:5      | Identified the Almanac of Excruciating Intoxication
  3674 | D:5      | Reached skill level 9 in Unarmed Combat
  3863 | D:5      | Found a radiant altar of Vehumet.
  4157 | D:6      | Reached skill level 5 in Invocations
  4157 | D:6      | Reached XP level 9. HP: 73/74 MP: 11/11
  4723 | D:6      | Found a glowing golden altar of the Shining One.
  4723 | D:6      | Found a shattered altar of Ashenzari.
  4821 | D:7      | Reached ***** piety under Cheibriados
  4850 | D:7      | Noticed PrincessPwny's ghost (novice TrBe)
  4858 | D:7      | Killed PrincessPwny's ghost
  4858 | D:7      | Reached skill level 10 in Unarmed Combat
  5307 | D:7      | Reached skill level 5 in Dodging
  5646 | D:8      | Got an encrusted ring mail
  5657 | D:8      | Identified the +5 ring mail "Retew" {+Blink rF+} (You found it on level 8 of the Dungeon)
  5830 | D:8      | Reached skill level 1 in Evocations
  6002 | D:8      | Reached XP level 10. HP: 81/81 MP: 14/14
  6456 | D:9      | Found a hazy altar of Hepliaklqana.
  6583 | D:9      | Reached skill level 11 in Unarmed Combat
  6656 | D:9      | Found a staircase to the Lair.
  7000 | D:10     | Entered Level 10 of the Dungeon
  7000 | D:10     | Noticed a hill giant
  7012 | D:10     | Killed a hill giant
  7022 | D:10     | Reached skill level 5 in Evocations
  7085 | D:10     | Noticed a lindwurm
  7105 | D:10     | Noticed a lindwurm
  7121 | D:10     | Reached ****** piety under Cheibriados
  7252 | D:10     | Noticed a hill giant
  7260 | D:10     | Killed a hill giant
  7624 | D:10     | Found a staircase to the Orcish Mines.
  7625 | D:10     | Reached XP level 11. HP: 49/91 MP: 15/15
  7720 | Orc:1    | Entered Level 1 of the Orcish Mines
  7720 | Orc:1    | Noticed a stone giant
  7834 | D:10     | Noticed a lindwurm
  7884 | Lair:1   | Entered Level 1 of the Lair of Beasts
  8022 | Lair:1   | Reached skill level 12 in Unarmed Combat
  8613 | Lair:1   | Noticed Prince Ribbit
  8627 | Lair:1   | Killed Prince Ribbit
  8627 | Lair:1   | Reached skill level 1 in Bows
  8879 | Lair:2   | Reached skill level 1 in Spellcasting
  8897 | Lair:2   | Noticed a four-headed hydra
  8908 | Lair:2   | Killed a four-headed hydra
  9198 | Lair:2   | Reached skill level 10 in Fighting
  9437 | Lair:3   | Noticed Gastronok
  9442 | Lair:3   | Found a dark tunnel.
  9452 | Volcano  | Entered a volcano
  9463 | Volcano  | Noticed a salamander
  9463 | Volcano  | Noticed a salamander
  9469 | Volcano  | Killed a salamander
  9469 | Volcano  | Reached XP level 12. HP: 105/105 MP: 16/16
  9672 | Lair:3   | Identified 3 scrolls of acquirement
  9684 | Lair:3   | Got a glittering emerald amulet
  9685 | Lair:3   | Identified the amulet "Wavuttog" {Harm *Contam *Drain rElec rPois Stlth+} (You acquired it on level 3 of the Lair of Beasts)
  9707 | Lair:3   | Reached skill level 1 in Armour
  9718 | Lair:3   | Killed Gastronok
  9821 | Lair:3   | Reached skill level 13 in Unarmed Combat
  9857 | Lair:3   | Found a staircase to the Swamp.
 10628 | Lair:4   | Found a staircase to the Snake Pit.
 10674 | Lair:4   | Reached skill level 5 in Bows
 10674 | Lair:4   | Reached XP level 13. HP: 61/114 MP: 18/18
 10687 | Lair:4   | Got a pair of bloodstained boots
 10698 | Lair:4   | Identified the +2 pair of boots of the Lair of Beasts {rPois MR+ rCorr Str-2 Int+3 Dex+4} (You found it on level 4 of the Lair of Beasts)
 11553 | Lair:4   | Reached skill level 14 in Unarmed Combat
 11971 | Orc:1    | Killed a stone giant
 12297 | Orc:2    | Entered Level 2 of the Orcish Mines
 12688 | Orc:2    | HP: 2/114 [orc knight/bolt (6)]
 12719 | Orc:2    | Found Obihunere's Gadget Shoppe.
 12719 | Orc:2    | Found Pibloe Avawn's Book Boutique.
 12721 | Orc:2    | Found Fudiqun's Book Shoppe.
 12721 | Orc:2    | Found Kuphipt's Antique Weapon Boutique.
 12794 | Orc:2    | Found a staircase to the Elven Halls.
 13106 | Orc:2    | Bought a book of Beasts for 770 gold pieces
 13110 | Orc:2    | Learned a level 3 spell: Call Canine Familiar
 13261 | D:10     | Reached XP level 14. HP: 120/120 MP: 19/19
 13383 | Lair:5   | Reached skill level 1 in Summonings
 13455 | Lair:5   | Reached skill level 15 in Unarmed Combat
 13536 | Lair:5   | Reached skill level 5 in Spellcasting
 14018 | Lair:6   | Entered Level 6 of the Lair of Beasts
 14229 | Lair:5   | Found a staircase to the Slime Pits.
 14393 | Lair:5   | Reached skill level 5 in Summonings
 14405 | Lair:5   | Learned a level 4 spell: Summon Ice Beast
 15109 | Lair:6   | Reached XP level 15. HP: 78/128 MP: 24/24
 15494 | Lair:6   | Got a twitching ivory ring
 15505 | Lair:6   | Identified the ring "Plog" {rElec rF+ rN+ MR+ Int-4} (You found it on level 6 of the Lair of Beasts)
 15571 | Lair:6   | Reached skill level 1 in Ice Magic
 16742 | D:12     | Got a crude tin amulet
 16744 | D:12     | Identified the amulet of Pauklo Weocs {Faith Fragile rC+ rN+ MR+} (You acquired it on level 12 of the Dungeon)
 16784 | D:12     | Noticed PrincessPwny's ghost (journeyman TrBe)
 16796 | D:12     | Killed PrincessPwny's ghost
 16974 | D:12     | You fall through a shaft for 2 floors!
 16974 | D:14     | Noticed Josephine
 16987 | D:14     | Killed Josephine
 17005 | D:14     | Found a gate to the Vaults.
 17389 | D:14     | Learned a level 7 spell: Summon Hydra
 17932 | D:14     | Reached skill level 5 in Ice Magic
 17966 | D:14     | Reached skill level 10 in Summonings
 18224 | D:14     | Found a blossoming altar of Fedhas.
 18859 | Swamp:1  | Entered Level 1 of the Swamp
 19011 | Swamp:1  | You fall through a shaft!
 19151 | Swamp:1  | Reached XP level 16. HP: 126/136 MP: 13/25
 19224 | Swamp:1  | Noticed a thorn hunter
 19234 | Swamp:1  | Killed a thorn hunter
 19382 | Swamp:1  | Noticed a thorn hunter
 19409 | Swamp:1  | Killed a thorn hunter
 19976 | Swamp:2  | Noticed Aizul
 20017 | Swamp:2  | Killed Aizul
 21159 | Swamp:3  | Reached skill level 16 in Unarmed Combat
 21549 | Swamp:4  | Entered Level 4 of the Swamp
 21632 | Swamp:4  | Noticed a thorn hunter
 21640 | Swamp:4  | Killed a thorn hunter
 21914 | Swamp:4  | Reached XP level 17. HP: 118/144 MP: 20/26
 22182 | Swamp:4  | Noticed Ultraviolent4's ghost (adept FoFi)
 22206 | Swamp:4  | Killed Ultraviolent4's ghost
 22393 | Swamp:4  | Got a scorched ring mail
 22394 | Swamp:4  | Identified the +4 ring mail "Byirishreu" {rN+ SInv} (You found it on level 4 of the Swamp)
 22829 | Swamp:4  | Got a decaying rune of Zot
 23183 | Snake:1  | Entered Level 1 of the Snake Pit
 23310 | Snake:1  | Found Vunemaqe's Jewellery Shoppe.
 23408 | Snake:1  | Found Tikuk's Armour Emporium.
 23413 | Snake:1  | Found Ninwylal's Assorted Antiques.
 23414 | Snake:1  | Found Onteur's Book Emporium.
 23414 | Snake:1  | Found Lyludext's Distillery.
 24214 | Snake:2  | Noticed Jorgrun
 24315 | Snake:2  | Killed Jorgrun
 24315 | Snake:2  | Reached skill level 15 in Summonings
 24913 | Snake:2  | Reached XP level 18. HP: 134/154 MP: 16/29
 25816 | Snake:4  | Entered Level 4 of the Snake Pit
 27325 | Snake:4  | Got a serpentine rune of Zot
 28131 | Orc:2    | Bought a book of Battle for 680 gold pieces
 28193 | Orc:2    | Reached skill level 10 in Dodging
 28480 | Vaults:1 | Entered Level 1 of the Vaults
 28611 | Lair:1   | Learned a level 3 spell: Regeneration
 28614 | Lair:1   | Learned a level 2 spell: Shroud of Golubria
 28747 | D:14     | Reached skill level 1 in Charms
 28849 | D:15     | Entered Level 15 of the Dungeon
 28849 | D:15     | Noticed Roxanne
 29176 | D:15     | Reached skill level 1 in Necromancy
 29185 | D:15     | Reached XP level 19. HP: 149/160 MP: 31/31
 29271 | D:15     | Found a staircase to the Depths.
 30565 | Elf:1    | Entered Level 1 of the Elven Halls
 30667 | Elf:1    | Reached skill level 5 in Charms
 30927 | Elf:1    | Noticed Agnes
 30938 | Elf:1    | Killed Agnes
 30961 | Elf:1    | Noticed Donald
 30970 | Elf:1    | Killed Donald
 31163 | Elf:1    | Noticed Azrael
 31850 | Elf:2    | Reached skill level 5 in Necromancy
 31894 | Elf:2    | Reached skill level 17 in Unarmed Combat
 32145 | Elf:2    | Found Siustyxkie's Assorted Antiques.
 32171 | Elf:2    | Bought 2 potions of heal wounds for 370 gold pieces
 32486 | Elf:2    | Found a huge runed gate.
 32486 | Elf:2    | Found a huge runed gate.
 32486 | Elf:2    | Found a huge runed gate.
 32487 | Elf:2    | Found a huge runed gate.
 32529 | Elf:2    | Found a huge runed gate.
 32885 | Elf:2    | Reached XP level 20. HP: 143/170 MP: 27/32
 33457 | Elf:3    | Entered Level 3 of the Elven Halls
 33567 | Elf:3    | Reached skill level 18 in Unarmed Combat
 33964 | Elf:3    | Noticed Bai Suzhen
 33974 | Elf:3    | Killed Bai Suzhen
 34507 | Elf:3    | HP: 1/170 [battleaxe of chopping (24)]
 34507 | Elf:3    | Mangled by a battleaxe of chopping

Skill      XL: |  1  2  3  4  5  6  7  8  9 10 11 12 13 14 15 16 17 18 19 20 |
---------------+-------------------------------------------------------------+-----
Unarmed Combat | 4 5 6 7 8 9 10 11 12 13 14 15 16 17 18 | 18.4
Throwing       | 1 2 |  2.7
Fighting       | 4 5 6 10 11 12 | 12.6
Dodging        | 3 5 6 8 10 11 | 11.5
Invocations    | 5 7 8 |  8.8
Evocations     | 1 6 |  6.1
Bows           | 2 5 8 |  8.0
Spellcasting   | 3 4 6 7 8 9 |  9.1
Armour         | 3 4 |  4.9
Summonings     | 7 10 13 15 16 | 16.0
Ice Magic      | 6 |  6.6
Charms         | 1 8 |  8.0
Necromancy     | 1 6 |  6.0
Stealth        | |  2.1

Action                   |  1- 3 |  4- 6 |  7- 9 | 10-12 | 13-15 | 16-18 | 19-21 || total
-------------------------+-------+-------+-------+-------+-------+-------+-------++-------
Melee: Unarmed           |   124 |   136 |   429 |   430 |   720 |   880 |   392 ||  3111
       Punch             |     3 |       |    29 |    49 |   109 |   116 |    49 ||   355
       Shortbow          |       |       |       |       |     1 |       |       ||     1
 Fire: Shortbow          |       |       |       |   126 |   424 |   150 |       ||   700
       Longbow           |       |       |       |       |     2 |   105 |   262 ||   369
Throw: Stone             |       |     2 |    21 |    13 |       |     4 |       ||    40
       Javelin           |       |       |       |    15 |    19 |     6 |       ||    40
       Tomahawk          |       |       |       |       |       |   110 |    15 ||   125
 Cast: Summon Ice Beast  |       |       |       |       |    18 |   132 |     9 ||   159
       Call Canine Famil |       |       |       |       |       |    65 |     5 ||    70
       Summon Hydra      |       |       |       |       |       |    35 |    29 ||    64
       Regeneration      |       |       |       |       |       |       |    10 ||    10
       Shroud of Golubri |       |       |       |       |       |       |     5 ||     5
Invok: Temporal Distorti |       |       |     1 |       |     1 |       |       ||     2
       Slouch            |       |       |       |     1 |    11 |     4 |     8 ||    24
       Bend Time         |       |       |       |     1 |       |       |       ||     1
       Step From Time    |       |       |       |       |       |       |     2 ||     2
 Abil: Evoke Blink       |       |       |       |       |     3 |     1 |       ||     4
Evoke: Wand              |       |       |     1 |       |       |     4 |    14 ||    19
       Box of beasts     |       |       |       |       |     1 |       |       ||     1
       Phantom mirror    |       |       |       |       |     1 |       |       ||     1
       Lamp of fire      |       |       |       |       |     1 |     1 |     1 ||     3
       Sack of spiders   |       |       |       |       |       |       |     2 ||     2
  Use: Potion            |       |     2 |       |     3 |     2 |     8 |     2 ||    17
       Scroll            |       |     7 |     5 |    11 |    11 |    13 |     2 ||    49
 Stab: Distracted        |     1 |       |       |       |     5 |    16 |     5 ||    27
       Sleeping          |       |     1 |     2 |     2 |     6 |     8 |     2 ||    21
  Eat: Chunk             |    13 |    15 |    22 |    44 |    61 |   159 |    47 ||   361
       Meat ration       |       |       |       |       |       |     1 |       ||     1
Armor: Robe              |     6 |       |       |       |       |       |       ||     6
       Ring mail         |    55 |    44 |     7 |   118 |   173 |   252 |   112 ||   761
       Scale mail        |       |       |   101 |       |       |       |       ||   101
Dodge: Dodged            |    91 |    66 |   230 |   379 |   867 |  1273 |   383 ||  3289
